 Dungeon Crawl Stone Soup version 0.29-a0-418-gc0181ea820 (webtiles) character file.

Game seed: 1917709023615143855

1298 croobank the Sneak (level 8, -2/52 HPs)
             Began as an Octopode Fire Elementalist on May 17, 2022.
             Was an Initiate of Gozag.
             Slain by an ogre
             ... wielding a +0 giant spiked club
              (16 damage)
             ... on level 6 of the Dungeon.
             The game lasted 00:16:25 (7673 turns).

croobank the Sneak (Octopode Fire Elementalist)     Turns: 7673, Time: 00:16:31

Health: -2/52      AC:  1    Str:  7    XL:     8   Next: 56%
Magic:  14/14      EV: 14    Int: 20    God:    Gozag
Gold:   266        SH:  0    Dex: 12    Spells: 8/15 levels left

rFire   . . .      SeeInvis .   a - +3 mace (holy)
rCold   . . .      Faith    .   (no shield)
rNeg    . . .      Spirit   .   (helmet restricted)
rPois   .          Reflect  .   (no amulet)
rElec   .          Harm     .   t - ring of wizardry
rCorr   .          Rampage  .   (no ring)
Will    .....                   (no ring)
Stlth   ++++......              (no ring)
HPRegen 0.17/turn               (no ring)
MPRegen 0.14/turn               (no ring)
                                (no ring)
                                (no ring)

@: no status effects
A: almost no armour, amphibious, 8 rings, camouflage 1, gelatinous body 1,
(nimble swimmer 1), tentacles
a: Renounce Religion, Potion Petition, Call Merchant, Bribe Branch


You were on level 6 of the Dungeon.
You worshipped Gozag.
Gozag was aware of your devotion.
You visited 2 branches of the dungeon, and saw 7 of its levels.

You collected 356 gold pieces.
You paid 90 gold pieces to Gozag.

Inventory:

Hand Weapons
 a - a +3 mace of holy wrath (weapon)
 b - the +5 hand crossbow "Miodeahu" {speed, rElec Will++ Int+2 Dex-4}
   (You acquired it on level 4 of the Dungeon)

   Attacks with this weapon are significantly faster.
   Int:       It affects your intelligence (+2).
   Dex:       It affects your dexterity (-4).
   rElec:     It insulates you from electricity.
   Will:      It greatly increases your willpower.
 c - a +4 short sword
 e - a +4 quarterstaff of chaos
 l - a +0 war axe of draining
 u - a +0 morningstar
 x - a +4 scythe
 y - a +3 hand axe
Missiles
 h - 5 curare-tipped darts
 k - 146 stones
 p - 6 atropa-tipped darts
Jewellery
 t - a ring of wizardry (left tentacle)
 w - a ring of fire
 A - a +6 ring of strength
Wands
 B - a wand of acid (5)
Scrolls
 j - 3 scrolls of blinking
 o - a scroll of teleportation
Potions
 d - 2 potions of haste
 f - a potion of berserk rage
 g - a potion of magic
 i - 3 potions of heal wounds
 m - a potion of curing
 n - 2 potions of cancellation {unknown}
 q - a potion of lignification {unknown}
 r - a potion of attraction {unknown}
 s - a potion of mutation {unknown}
 v - a potion of brilliance
 z - a potion of might {unknown}


   Skills:
 + Level 3.5 Fighting
 + Level 4.5 Dodging
 + Level 6.4 Stealth
 + Level 4.2 Spellcasting
 + Level 4.1 Conjurations
 + Level 5.1 Fire Magic


You had 8 spell levels left.
You knew the following spells:

 Your Spells              Type           Power      Damage    Failure   Level
a - Foxfire               Conj/Fire      88%        2x1d8     1%          1
b - Scorch                Fire           50%        2d8       1%          2
c - Flame Wave            Conj/Fire      22%        2d7       8%          4

Your spell library contained the following spells:

 Spells                   Type           Power      Damage    Failure   Level
 Conjure Flame            Conj/Fire      22%        6-21      2%          3
 Inner Flame              Hex/Fire       14%        N/A       5%          3
 Cause Fear               Hex            2%         N/A       43%         4
 Discord                  Hex            2%         N/A       100%        8


Dungeon Overview and Level Annotations

Branches:
Dungeon (6/15)             Temple (1/1) D:5

Altars:
Ashenzari
Cheibriados
Dithmenos
Elyvilon
Fedhas
Gozag
Hepliaklqana
Kikubaaqudgha
Makhleb
Okawaru
Qazlal
Ru
Trog
Uskayaw
Vehumet
Wu Jian
Xom
Yredelemnul
Zin
The Shining One


Innate Abilities, Weirdness & Mutations

You cannot wear most types of armour.
You are amphibious.
You can wear up to eight rings at the same time.
Your skin changes colour to match your surroundings (Stealth+).
Your rubbery body absorbs attacks. (AC +1, EV +1)
((You are camouflaged when in or above water. (Stealth+)))
You have tentacles for arms and can constrict up to eight enemies at once.


Message History

Your tentacles tingle!
b - the +5 hand crossbow "Miodeahu" (weapon)
{speed, rElec Will++ Int+2 Dex-4} Shoot: b) +5 hand crossbow "Miodeahu" {speed, rElec Will++ Int+2 Dex-4}
Press: ? - help, Q - select action, (/) - cycle Shift-Dir - straight line, f - ogre
Aim: an ogre, wielding a +0 giant spiked club (asleep, 98% to hit)
You shoot a bolt. The bolt hits the ogre.
The ogre shouts!
The ogre is lightly wounded.
Shoot: b) +5 hand crossbow "Miodeahu" {speed, rElec Will++ Int+2 Dex-4}
Press: ? - help, Q - select action, (/) - cycle Shift-Dir - straight line, f/p - ogre
Aim: an ogre, wielding a +0 giant spiked club (lightly wounded, 77% to hit)
You shoot a bolt. The bolt hits the ogre!
The ogre is heavily wounded.
Unknown command.
Shoot: b) +5 hand crossbow "Miodeahu" {speed, rElec Will++ Int+2 Dex-4}
Press: ? - help, Q - select action, (/) - cycle Shift-Dir - straight line, f/p - ogre
Aim: an ogre, wielding a +0 giant spiked club (heavily wounded, 77% to hit)
You shoot a bolt. The bolt barely misses the ogre.
Unknown command.
Shoot: b) +5 hand crossbow "Miodeahu" {speed, rElec Will++ Int+2 Dex-4}
Press: ? - help, Q - select action, (/) - cycle Shift-Dir - straight line, f/p - ogre
Aim: an ogre, wielding a +0 giant spiked club (heavily wounded, 77% to hit)
You shoot a bolt. The bolt barely misses the ogre.
Your +3 mace of holy wrath softly glows with a divine radiance!
a - a +3 mace of holy wrath (weapon)
You hit the ogre. You squeeze the ogre.
The ogre is severely wounded.
The ogre hits you with a +0 giant spiked club!!
You hit the ogre but do no damage.
The ogre is severely wounded.
The ogre hits you with a +0 giant spiked club!!
* * * LOW HITPOINT WARNING * * *
Aiming: Corrosive Bolt
Press: ? - help, Shift-Dir - straight line, f/p - ogre
Aim: an ogre, wielding a +0 giant spiked club (severely wounded, 86% to hit)
The bolt of acid hits the ogre!
The ogre is almost dead.
The ogre hits you with a +0 giant spiked club!
You die...
Your body crumbles into a pile of gold.

.# .# ###### .# #....#
.# #.##.# .# ####.##.#
.# #....##.# ##O## #
#.#####.######@..#....
###.#####..............>
...................#####
.##.##.###........##
.##.##.# #.########
.##.##<# #.### .##.##.#
#...# .##.##.# ###.#
#......#####<#####


You could see an ogre.

Vanquished Creatures
  Sigmund (D:5)
  A steam dragon (D:5)
  A water moccasin (D:6)
  2 phantoms
  A bullfrog (D:4)
  3 necrophages
  2 scorpions (D:5)
  A jelly (D:5)
  A hound (D:5)
  2 orc priests
  Crazy Yiuf (D:4)
  An orc wizard (D:5)
  4 gnolls (D:4)
  8 adders
  A shadow imp (D:5)
  3 worms
  4 dart slugs
  10 orcs
  7 endoplasms
  3 giant cockroaches
  5 goblins
  3 hobgoblins (D:2)
  2 jackals (D:3)
  4 quokkas
  10 ball pythons
  A bat (D:2)
  6 frilled lizards
  11 kobolds
  6 rats
105 creatures vanquished.

Vanquished Creatures (collateral kills)
  A foxfire (D:1)
1 creature vanquished.

Vanquished Creatures (others)
  108 foxfires
108 creatures vanquished.

Grand Total: 214 creatures vanquished

Notes
Turn   | Place    | Note
-------+----------+-------------------------------------------
     0 | D:1      | croobank the Octopode Fire Elementalist began the quest for
                  | the Orb.
     0 | D:1      | Reached XP level 1. HP: 11/11 MP: 3/3
   716 | D:1      | Reached XP level 2. HP: 17/17 MP: 5/5
   746 | D:1      | Reached skill level 3 in Stealth
  1228 | D:2      | Reached XP level 3. HP: 21/21 MP: 6/6
  1280 | D:2      | Learned a level 2 spell: Scorch
  1748 | D:2      | Reached XP level 4. HP: 25/27 MP: 4/7
  2034 | D:2      | Reached skill level 1 in Fighting
  3296 | D:3      | Reached XP level 5. HP: 33/33 MP: 5/8
  3899 | D:3      | Found a faded altar of an unknown god.
  4119 | D:4      | Reached skill level 4 in Stealth
  4190 | D:4      | Learned a level 4 spell: Flame Wave
  4206 | D:4      | Reached XP level 6. HP: 36/39 MP: 10/10
  5453 | D:4      | Found a runed translucent door.
  5454 | D:4      | Identified a scroll of acquirement
  5454 | D:4      | Acquired the +5 hand crossbow "Miodeahu" {speed, rElec
                  | Will++ Int+2 Dex-4}
  5458 | D:4      | Noticed Crazy Yiuf
  5553 | D:4      | Killed Crazy Yiuf
  5554 | D:4      | Reached XP level 7. HP: 45/45 MP: 11/11
  5636 | D:5      | Entered Level 5 of the Dungeon
  5658 | D:5      | Reached skill level 5 in Stealth
  5905 | D:5      | Found a burning altar of Makhleb.
  6403 | D:5      | Found a snail-covered altar of Cheibriados.
  6463 | D:5      | Noticed a steam dragon
  6471 | D:5      | Killed a steam dragon
  6472 | D:5      | Reached XP level 8. HP: 39/51 MP: 3/13
  6750 | D:5      | Noticed Sigmund
  6756 | D:5      | Killed Sigmund
  6757 | D:5      | Reached skill level 6 in Stealth
  6792 | D:5      | Found a staircase to the Ecumenical Temple.
  6798 | Temple   | Entered the Ecumenical Temple
  6920 | Temple   | Became a worshipper of Gozag Ym Sagoz the Greedy
  7042 | D:5      | Reached skill level 5 in Fire Magic
  7069 | D:5      | Found a glowing silver altar of Zin.
  7131 | D:5      | Found a hazy altar of Hepliaklqana.
  7673 | D:6      | Slain by an ogre

Illustrated notes

Levels and vault maps discovered:
D:1:      kilobyte_arrival_exit_the_forest, layout_basic
D:2:      layout_basic, minmay_increasing_density
D:3:      layout_basic, shapermc_ecumenical_altar_venn, hangedman_decor_points
D:4:      layout_basic, uniq_crazy_yiuf_cottage
D:5:      layout_loops_corners, bloody_makhleb, lemuel_coloured_pillars_altar,
          mainiacjoe_overflow_alcove_1, slow_altar_2, temple_green, uniq_sigmund
D:6:      layout_loops_ring, dreamdust_princess_bridge
Temple:   dpeg_five_rooms_temple

Skill      XL: |  1  2  3  4  5  6  7  8 |
---------------+-------------------------+-----
Stealth        | 3 4 5 6 |  6.4
Fighting       | 1 2 3 |  3.5
Conjurations   | 2 3 4 |  4.1
Dodging        | 3 4 |  4.5
Spellcasting   | 3 4 |  4.2
Fire Magic     | 4 5 |  5.1

Action                   |  1- 3 |  4- 6 |  7- 9 || total
-------------------------+-------+-------+-------++-------
Melee: Unarmed           |     6 |       |       ||     6
       Mace              |    35 |    63 |    28 ||   126
       Constrict         |     9 |    17 |     5 ||    31
       Tentacles         |     5 |    15 |     8 ||    28
 Fire: Hand crossbow     |       |       |    55 ||    55
Throw: Stone             |       |       |     2 ||     2
       Throwing net      |       |       |     1 ||     1
 Cast: Foxfire           |    22 |    29 |     7 ||    58
       Scorch            |     2 |    16 |    13 ||    31
Evoke: Wand              |       |       |     1 ||     1
  Use: Scroll            |       |    11 |     2 ||    13
       Potion            |       |     2 |       ||     2
 Stab: Sleeping          |     7 |     4 |       ||    11
Armor: Skin              |     1 |     5 |     3 ||     9
Dodge: Dodged            |    31 |    41 |    24 ||    96

Table legend: (Time is in decaauts)
 A = Elapsed time spent in this place.
 B = Non-inter-level travel time spent in this place.
 C = Inter-level travel time spent in this place.
 D = Time resting spent in this place.
 E = Time spent auto-exploring this place.
 F = Levels seen in this place.
 G = Mean time per level.
                   A        B        C        D        E       F      G
               +--------+--------+--------+--------+--------+-----+--------+
         Total |   7725 |   7402 |    323 |   1395 |   5071 |   7 | 1103.6 |
       Dungeon |   7516 |   7219 |    297 |   1395 |   4902 |   6 | 1252.7 |
        Temple |    208 |    182 |     26 |      0 |    169 |   1 |  208.0 |
               +--------+--------+--------+--------+--------+-----+--------+

Top non-repeatable levels by time:
     D:2: 2020 daAuts
     D:4: 1627 daAuts
     D:5: 1368 daAuts
     D:1: 1231 daAuts
     D:3: 807 daAuts
     D:6: 461 daAuts
  Temple: 208 daAuts
